 Dungeon Crawl Stone Soup version 0.01-2130-g831048675f (webtiles) character file.

Game seed: 8206406941374239339, levelgen mode: deterministic

93 raph the Warrior (level 4, -2/31 HPs) Merfolk Priest. Began on June 16, 2020. Was a Believer of Okawaru. Slain by a big kobold ... wielding a +0 club (9 damage) ... on level 1 of the Dungeon. The game lasted 00:02:48 (1186 turns).

raph the Warrior (Merfolk Priest)                   Turns: 1186, Time: 00:02:48

Health: -2/31      AC:  2    Str: 12    XL:     4 ^: 32
Magic:  7/7        EV: 17    Int: 11    God:    Okawaru [2* [50]]
Gold:   55         SH:  0    Dex: 14    Spells: 3/3 levels left

rFire    . . .     Vision   .   e - +0 short sword
rCold    . . .     Gourm    .     - Unarmed
rNeg     . . .     Faith    .   a - +0 robe
rPois    .         Spirit   .   (no helmet)
rElec    .         Reflect  .   (no cloak)
rCorr    .         Harm     .   (no gloves)
MR       .....                  (no boots)
Stlth    ++++......             (no amulet)
HPRegen  0.20/turn              (no ring)
MPRegen  0.17/turn              (no ring)

@: heroism
A: change form in water, swift swim, stealthy swim
a: Heroism, Renounce Religion


You were on level 1 of the Dungeon.
You worshipped Okawaru.
Okawaru was pleased with you.
You were very hungry.

You visited 1 branch of the dungeon, and saw 2 of its levels.
You also visited: Temple.

You collected 55 gold pieces.

Inventory:

Weapons
 c - a +0 shortbow
 e - a +0 short sword (weapon)
Armour
 a - a +0 robe (worn)
Scrolls
 i - a scroll of teleportation
Potions
 d - a potion of ambrosia
 f - a potion of agility
 g - 2 potions of curing
 h - a potion of haste
Comestibles
 b - 3 rations


   Skills:
 + Level 0.4(5.4) Fighting
 + Level 1.5(6.5) Short Blades
 + Level 3.3(8.3) Dodging
 + Level 2.7(7.7) Stealth
 + Level 4.4(9.4) Unarmed Combat
 + Level 4.4 Invocations


You had 3 spell levels left.
You didn't know any spells.
Your spell library was empty.

Dungeon Overview and Level Annotations

Branches:
Dungeon (2/8)

Altars:


Message History

The sewer rat bites you (3).
You climb upwards.
There is a stone staircase leading down here.
The big kobold hits you with a +0 club (6).
* * * LOW HITPOINT WARNING * * *
The ball python closely misses you (0). x2; The sewer rat misses you (0).
You hit the ball python (5).
You kill the ball python!
Okawaru accepts your kill.
You hit the big kobold but do no damage.
The big kobold is moderately wounded. (20/26) HP You hit the big kobold (1).
The big kobold is moderately wounded. (19/26) HP The big kobold closely misses you (0).
You hit the big kobold (2).
The big kobold is moderately wounded. (17/26) HP You hit the big kobold but do no damage.
The big kobold is moderately wounded. (17/26) HP The big kobold hits you with a +0 club (9)!
You die...

.....##......# #..#♣♣♣♣⌠♣♣♣♣#..#.
.....##......# #..##♣♣♣)♣♣♣##..#.
.....###########...............#.
.....##...........#######......#.
.............>.........###.....#.
.....##............###.#####...#.
.######........rr................
..........)..###K#.###.#####...).
.............# #@#.....# #.....
.............# #.######## #.....
.............# #.#......# #.....
.............###.#.####.# #.....
......####..............# #.....
...............#.#.###..# #.....
.................#......####.....
###.................#............
#............#....#..#####.....


You could see a big kobold and 2 sewer rats.

Vanquished Creatures
  2 adders
  3 cinder newts (D:1)
  3 dart slugs (D:1)
  4 leopard geckos (D:1)
  3 bats (D:1)
  A giant cockroach (D:1)
  5 goblins (D:1)
  7 hobgoblins (D:1)
  2 ball pythons (D:1)
  10 kobolds
  5 rats (D:1)
45 creatures vanquished.

Notes
Turn   | Place    | Note
-------+----------+-------------------------------------------
     0 | Start Te | raph the Merfolk Priest began the quest for the Orb.
     0 | Start Te | Reached XP level 1. HP: 13/13 MP: 3/3
     0 | Start Te | Found a sparkling altar of Nemelex Xobeh.
     1 | Start Te | Found a basalt altar of Yredelemnul.
     1 | Start Te | Found a white marble altar of Elyvilon.
     2 | Start Te | Found an iron altar of Okawaru.
     3 | Start Te | Found a glowing silver altar of Zin.
     3 | Start Te | Found a blossoming altar of Fedhas.
     4 | Start Te | Found a stormy altar of Qazlal.
     5 | Start Te | Found a glowing golden altar of the Shining One.
     5 | Start Te | Found an opulent altar of Gozag.
     6 | Start Te | Found a sacrificial altar of Ru.
     7 | Start Te | Found a faded altar of an unknown god.
     7 | Start Te | Found a hazy altar of Hepliaklqana.
    10 | Start Te | Became a worshipper of Warmaster Okawaru
    10 | Start Te | Received a gift from Okawaru
    10 | Start Te | Reached * piety under Okawaru
    10 | Start Te | Reached ** piety under Okawaru
    44 | D:1      | Reached XP level 2. HP: 11/19 MP: 5/5
   213 | D:1      | Reached XP level 3. HP: 19/24 MP: 6/6
   537 | D:1      | Reached skill level 1 in Short Blades
   537 | D:1      | Reached XP level 4. HP: 29/31 MP: 7/7
  1001 | D:2      | Noticed a slime creature
  1001 | D:2      | Noticed a big kobold
  1186 | D:1      | Slain by a big kobold

Levels and vault maps discovered:
D:1:      scummos_arrival_forest, layout_basic, first_ration,
          nrook_mini_backslash
D:2:      layout_sewer, st_stairs_10, lightli_church_of_beogh, uniq_terence

Skill      XL: |  1  2  3 |
---------------+----------+-----
Dodging        | 3 |  3.3
Unarmed Combat | 4 |  4.4
Short Blades   | 1 |  1.5
Fighting       | |  0.4
Stealth        | |  2.7
Invocations    | |  4.4

Action                   |  1- 3 |  4- 6 || total
-------------------------+-------+-------++-------
Melee: Unarmed           |    69 |    25 ||    94
       Short sword       |    57 |    34 ||    91
Invok: Heroism           |       |     3 ||     3
 Stab: Sleeping          |     2 |       ||     2
Armor: Robe              |     8 |     4 ||    12
Dodge: Dodged            |    49 |    62 ||   111
